 Dungeon Crawl Stone Soup version 0.30-b1-2-g02819fbbbe (webtiles) character file.

Game seed: 17649686630492138641

163 sanka the Insei (level 6, -6/51 HPs)
             Began as a Meteoran Monk on May 13, 2023.
             Mangled by Crazy Yiuf
             ... wielding a +2 quarterstaff of chaos
              (16 damage)
             ... on level 2 of the Dungeon.
             The game lasted 00:03:39 (851 turns).

sanka the Insei (Meteoran Monk)                      Turns: 851, Time: 00:03:40

Health: -6/51      AC:  2    Str: 15    XL:     6   Next: 3%
Magic:  7/7        EV: 13    Int: 11    God:
Gold:   154        SH:  0    Dex: 17    Spells: 5/5 levels left

rFire   . .          .
                       - Unarmed
rCold   . . .        c - orb {light}
rNeg    . . .        a - +0 robe
rPois   .            (no helmet)
rElec   .            (no cloak)
rCorr   .            (no gloves)
SInv    .            (no boots)
Will    .....        g - amulet of regeneration
Stlth   +            (no ring)
HPRegen 1.08/turn    (no ring)
MPRegen 0.10/turn

%: no passive effects
@: lethally poisoned (-6 -> -6), glowing
A: sense surroundings 1, otherworldly, glowing, explore regen
a: no special abilities


You were on level 2 of the Dungeon.
You visited 1 branch of the dungeon, and saw 2 of its levels.

You collected 154 gold pieces.

Inventory:

Armour
 a - a +0 robe (worn)
 c - an orb of light (worn)
Jewellery
 g - an amulet of regeneration (around neck)
Scrolls
 d - a scroll of enchant armour {unknown}
 f - a scroll of acquirement {unknown}
Potions
 b - a potion of ambrosia
 e - 2 potions of berserk rage {!q}
 h - a potion of brilliance {unknown}
 i - a potion of invisibility {unknown}
 j - a potion of attraction {unknown}


   Skills:
 - Level 3.2 Fighting
 - Level 3.6 Dodging
 + Level 7.2 Unarmed Combat


You had 5 spell levels left.
You didn't know any spells.
Your spell library was empty.

Dungeon Overview and Level Annotations

Branches:
Dungeon (2/15) Zot: 343

Altars:

Annotations:
D:2 Crazy Yiuf


Innate Abilities, Weirdness & Mutations

You passively map a small area around you.
You are easily found by Zot.
You glow in the dark.
You regain HP and MP as you explore.


Message History

Crazy Yiuf shouts!
Crazy Yiuf screams, "Dawk!
Cholesterol high song."
Okay, then.
You open the door. You hit Crazy Yiuf.
Crazy Yiuf is moderately wounded.
Crazy Yiuf grits, "Announcement spinner Orb Guardian!"
Crazy Yiuf hits you with a +2 quarterstaff of chaos!
You hit Crazy Yiuf but do no damage.
Crazy Yiuf is moderately wounded.
Crazy Yiuf hits you with a +2 quarterstaff of chaos!
Crazy Yiuf freezes you.
You punch Crazy Yiuf!
Crazy Yiuf is severely wounded.
Crazy Yiuf hits you with a +2 quarterstaff of chaos!
You are poisoned.
You hit Crazy Yiuf.
Crazy Yiuf is severely wounded.
You feel very sick.
You hit Crazy Yiuf but do no damage.
Crazy Yiuf is severely wounded.
You feel very sick. Crazy Yiuf closely misses you.
Unknown command.
You hit Crazy Yiuf but do no damage.
Crazy Yiuf is severely wounded.
You feel sick.
Crazy Yiuf flaps his cloak.
Crazy Yiuf misses you.
Unknown command.
You hit Crazy Yiuf but do no damage.
Crazy Yiuf is severely wounded.
You feel sick. Crazy Yiuf completely misses you.
Unknown command.
You barely miss Crazy Yiuf.
Crazy Yiuf is severely wounded.
You feel sick.
Crazy Yiuf says, "Prologue meccalolo senile!"
Crazy Yiuf hits you with a +2 quarterstaff of chaos!
You die...

#.####.# , #.# #.# *
###.####.# ###......#.#
##### * .##.#.##.###
#)..# .##.#.##.## #...#
, .##.#.#..)# *... *
.##.#...#.# #g# ,* *
.##.#.###.## ♣@♣♣ , ,
.##.#......# ♣♣.♣ * ,
......)...## ♣.♣♣ , *
†#.........# ♣♣.♣ ,
...........# ♣♣.♣♣ *
...####....# ♣♣...♣ *
......#.#..# ♣....♣ , *
...........# #....# , ,
......#.########..#####
*


You could see Crazy Yiuf.

Vanquished Creatures
  Sigmund (D:2)
  2 ball pythons (D:1)
  An endoplasm (D:2)
  3 goblins
  A hobgoblin (D:2)
  A quokka (D:2)
  A bat (D:2)
  2 frilled lizards (D:2)
  A kobold (D:2)
  A rat (D:2)
14 creatures vanquished.

Notes
Turn   | Place    | Note
-------+----------+-------------------------------------------
     0 | D:1      | sanka the Meteoran Monk began the quest for the Orb.
     0 | D:1      | Reached XP level 1. HP: 19/19 MP: 2/2
   286 | D:1      | Found a faded altar of an unknown god.
   512 | D:2      | Reached skill level 4 in Unarmed Combat
   512 | D:2      | Reached XP level 2. HP: 26/26 MP: 3/3
   640 | D:2      | Noticed Sigmund
   662 | D:2      | Killed Sigmund
   663 | D:2      | Reached skill level 7 in Unarmed Combat
   663 | D:2      | Reached XP level 3. HP: 31/31 MP: 4/4
   663 | D:2      | Reached XP level 4. HP: 38/38 MP: 5/5
   663 | D:2      | Reached XP level 5. HP: 45/45 MP: 6/6
   663 | D:2      | Reached XP level 6. HP: 51/51 MP: 7/7
   837 | D:2      | Found a runed translucent door.
   840 | D:2      | Noticed Crazy Yiuf
   851 | D:2      | Mangled by Crazy Yiuf

Illustrated notes

Levels and vault maps discovered:
D:1:      lightli_arrival_maybe_door_vault, layout_basic, basic_ecumenical_altar
D:2:      layout_basic, basic_altar, uniq_sigmund, uniq_crazy_yiuf_cottage

Skill      XL: |  1  2 |
---------------+-------+-----
Unarmed Combat | 4 7 |  7.2
Fighting       | |  3.2
Dodging        | |  3.6

Action                     |  1- 3 |  4- 6 || total
---------------------------+-------+-------++-------
  Melee: Unarmed           |    27 |    12 ||    39
    Use: Potion            |     1 |       ||     1
 Armour: Robe              |     1 |       ||     1
  Dodge: Dodged            |     9 |     5 ||    14
